 Dungeon Crawl Stone Soup version 0.31-a0-331-geda263fcf1 (webtiles) character file.

Game seed: 14671997904085837240

60 javelincjr the Trooper (level 3, 0/29 HPs)
             Began as a Demonspawn Fighter on July 19, 2023.
             Killed by divine providence
             ... invoked by an orc priest
              (16 damage)
             ... on level 2 of the Dungeon.
             The game lasted 00:05:20 (1246 turns).

javelincjr the Trooper (Demonspawn Fighter)         Turns: 1246, Time: 00:05:22

Health: 0/29       AC: 12    Str: 18    XL:     3   Next: 80%
Magic:  3/3        EV:  9    Int:  9    God:
Gold:   58         SH:  4    Dex: 12    Spells: 2/2 levels left

rFire   . . .        a - +0 trident
rCold   . . .        c - +0 buckler
rNeg    . . .        b - +0 scale mail
rPois   .            (no helmet)
rElec   .            (no cloak)
rCorr   .            (no gloves)
SInv    .            (no boots)
Will    .....        (no amulet) Stlth
                     (no ring)
HPRegen 0.24/turn    (no ring)
MPRegen 0.08/turn

%: no passive effects
@: sanguine armoured
A: sanguine armour 1, weakness stinger 1
a: no special abilities


You were on level 2 of the Dungeon.
You visited 1 branch of the dungeon, and saw 2 of its levels.

You collected 58 gold pieces.

Inventory:

Hand Weapons
 a - a +0 trident (weapon)
Missiles
 q - 3 poisoned darts
Armour
 b - a +0 scale mail (worn)
 c - a +0 buckler (worn)
 g - a +0 chain mail
 j - an orb of energy
Scrolls
 f - a scroll of acquirement {unknown}
 h - a scroll of fog {unknown}
 i - a scroll of revelation {unknown}
 k - 3 scrolls of identify {unknown}
 l - a scroll of teleportation {unknown}
 p - a scroll of silence {unknown}
Potions
 d - 2 potions of might
 e - a potion of heal wounds {unknown}
 m - 2 potions of curing {unknown}
 n - a potion of cancellation {unknown}
 o - a potion of degeneration {unknown}


   Skills:
 + Level 3.5 Fighting
 + Level 2.4 Polearms
 + Level 3.1 Armour
 + Level 3.2 Shields


You had 2 spell levels left.
You didn't know any spells.
Your spell library contained the following spells:

 Spells                   Type           Power      Damage    Failure   Level
 Apportation              Tloc           0%         N/A       85%         1
 Call Canine Familiar     Summ           0%         N/A       99%         3
 Portal Projectile        Hex/Tloc       0%         N/A       99%         3
 Leda's Liquefaction      Hex/Erth       0%         N/A       100%        4
 Alistair's Intoxication  Tmut/Pois      0%         N/A       100%        5


Dungeon Overview and Level Annotations

Branches:
Dungeon (2/15)

Altars:


Innate Abilities, Weirdness & Mutations

When seriously injured, your blood forms armour. (AC +6)
You have a small tail.


Message History

A rat is nearby!
You see here 3 poisoned darts.
q - 3 poisoned darts You reach to attack!
You hit the rat.
You kill the rat!
No target in view!
No target in view!
You start waiting.
An orc is nearby!
The orc shouts!
You barely miss the orc. The orc hits you but does no damage.
You barely miss the orc. You tail-slap the orc.
The orc is severely wounded.
The orc completely misses you.
You completely miss the orc.
The orc is severely wounded.
You block the orc's attack. The orc hits you with a +0 whip.
You hit the orc.
You kill the orc!
No target in view!
No target in view!
No target in view!
Things that are here:
a +0 whip; a +0 ring mail; an orc corpse The orc priest shouts! x2
The orc priest invokes the aid of Beogh against you.
Pain shoots through your body!
Your blood congeals into armour.
You reach to attack!
You hit the orc priest.
The orc priest is moderately wounded.
The orc priest miscasts a cantrip.
You reach to attack!
You hit the orc priest but do no damage.
The orc priest is moderately wounded.
You closely miss the orc priest.
The orc priest is moderately wounded.
The orc priest shouts!
The orc priest calls down the wrath of Beogh upon you.
Beogh smites you!
Ouch! That really hurt!
You die...

#........# #........#
#######........########
...........).............>#
#.#.#######.......)######.#
#....................# #.#
#......###...#######.# #.#
#.....o.o........# #.# #.#
#......#.o@....#.# #.####.#
#.....#.......#.# #......#
#####.##.....#.......#.# ####.#.#
......####<#.#.......#.# #.#.#
############.#.......#.# ##.#.#
......รท......#.......#.#####....#
.).....####..#.......#.##.....###
.)........#..##.....##.#..###.#
#######...#..###ooo###...## #.#


You could see 3 orc priests.

Vanquished Creatures
  An adder (D:2)
  2 worms (D:2)
  A dart slug (D:1)
  An orc (D:2)
  6 endoplasms
  5 giant cockroaches
  4 goblins
  A hobgoblin (D:1)
  2 jackals (D:2)
  3 quokkas
  2 ball pythons (D:1)
  4 bats
  A kobold (D:2)
  6 rats
39 creatures vanquished.

Notes
Turn   | Place    | Note
-------+----------+-------------------------------------------
     0 | D:1      | javelincjr the Demonspawn Fighter began the quest for the
                  | Orb.
     0 | D:1      | Reached XP level 1. HP: 18/18 MP: 1/1
   143 | D:1      | Found a faded altar of an unknown god.
   148 | D:1      | Gained mutation: When seriously injured, your blood forms
                  | armour. (AC +6) [demonic ancestry]
   148 | D:1      | Reached XP level 2. HP: 24/24 MP: 2/2
   784 | D:2      | Gained mutation: You have a small tail. [demonic ancestry]
   784 | D:2      | Reached XP level 3. HP: 27/29 MP: 3/3
  1246 | D:2      | Killed from afar by an orc priest

Illustrated notes

Levels and vault maps discovered:
D:1:      nagdon_arrival_double_spiral, layout_rooms,
          shapermc_ecumenical_altar_gd
D:2:      cheibrodos_pilgrimage, layout_basic

Skill      XL: |  1  2 |
---------------+-------+-----
Polearms       | 2 |  2.4
Shields        | 3 |  3.2
Armour         | 3 |  3.1
Fighting       | |  3.5

Action                     || total
---------------------------++-------
  Melee: Trident           ||   158
         Tailslap          ||     9
 Armour: Scale mail        ||    56
  Dodge: Dodged            ||    44
  Block: Buckler           ||    21

Table legend: (Time is in decaauts)
 A = Elapsed time spent in this place.
 B = Non-inter-level travel time spent in this place.
 C = Inter-level travel time spent in this place.
 D = Time resting spent in this place.
 E = Time spent auto-exploring this place.
 F = Levels seen in this place.
 G = Mean time per level.
                   A        B        C        D        E       F      G
               +--------+--------+--------+--------+--------+-----+--------+
         Total |   1363 |   1286 |     77 |     62 |    807 |   2 |  681.5 |
       Dungeon |   1363 |   1286 |     77 |     62 |    807 |   2 |  681.5 |
               +--------+--------+--------+--------+--------+-----+--------+

Top non-repeatable levels by time:
     D:1: 859 daAuts
     D:2: 504 daAuts
